cohdb
Replays
Latest Replays
All Replays
Popular Replays
Top Player Replays
Match Explorer
How It Works
Community
CoH3 Stats
Reddit
Sign in to upload your games and track your stats! →
Sign in with Steam
Match 34486077
Unlisted
Match 34486077
Overview
Messages
Build Orders
End
Kettenkrad Recon Vehicle
Construct Infanterie Kompanie
Selects Mechanized Battlegroup
Grenadier Squad
MG 42 Machine Gun Team
Grenadier Squad
Medical Station
Construct Panzergrenadier Kompanie
Selects Mobile Repair Stations
251 Medium Carrier
Panzergrenadier Squad
Selects Raid Package
Forward Retreat Point
251 Medium Carrier
Pak 40 Anti-tank Gun Team
Support Elements
GrW 34 Mortar Team
Selects StuG Assault Group
Selects UNKNOWN (2160084)
Selects Stoßtruppen Assault Package
StuG Assault Group
Construct Panzer Kompanie
Selects Zeroing Artillery Barrage
Infanterie Officer Quarters
Zeroing Artillery Barrage
Panther Heavy Tank
Zeroing Artillery Barrage
Atomic Floyd
deadsadbadmad
Alessandro-9891
WE1SE
Barka
Доктор Гувер[POINTRUNNER]
0
0
Comments
sign in to comment!
No comments posted yet!